AoeStats
← daitoudaguo

Arabia

510724302Analyzed
1v1 RM · 6h ago on Oct 2, 2026· 41m 29s· 2 players
Game mode
Random Map
Map size
Tiny (2 player)
Population
200
Speed
Normal
Resources
Standard
Victory
Conquest
Starting age
Dark Age
Ending age
Imperial Age
RankedLock teamsTeams togetherTeam positionsShared explorationLock speedFull tech treeHidden civsTurbo modeCheats
Victory
Defeat
🇫🇷 Mongols · France
1344
+15
🇨🇳 Magyars · China
1316
-15
daitoudaguo
6:22 Loom
9:06 Feudal Age
11:46 Double-Bit Axe
21:23 Castle Age
19:29 Fletching
20:35 Padded Archer Armor
22:00 Bodkin Arrow
21:27 Elite Skirmisher
23:44 Leather Archer Armor
29:47 Town Watch
42:21 Wheelbarrow
cehem
5:30 Loom
7:44 Loom
9:29 Feudal Age
14:12 Castle Age
15:12 Fletching
16:47 Bodkin Arrow
18:41 Padded Archer Armor
18:34 Double-Bit Axe
24:56 Horse Collar
28:09 Bloodlines
28:42 Scale Barding Armor
29:11 Forging
30:22 Chain Barding Armor
34:09 Iron Casting
33:38 Husbandry
40:52 Imperial Age
39:44 Padded Archer Armor
40:35 Light Cavalry
41:24 Heavy Plow
41:35 Bow Saw
41:16 Gold Mining
41:44 Bracer
Connection lost

Rejoining the realm…

Still unreachable

The connection could not be restored.

Session expired

The server has moved on; the page needs a fresh start.